 Dungeon Crawl Stone Soup version 0.29.0-4-gdea44cf6ec (webtiles) character file.

Game seed: 11601907764153446305

718 qw the Cleaver (level 7, -4/41 HPs)
             Began as a Tengu Warper on Aug 28, 2022.
             Slain by an acid dragon (7 damage)
             ... on level 5 of the Dungeon.
             The game lasted 00:00:25 (3434 turns).

qw the Cleaver (Tengu Warper)                       Turns: 3434, Time: 00:00:26

Health: -4/41      AC: 10    Str: 13    XL:     7   Next: 70%
Magic:  11/11      EV:  7    Int: 13    God:
Gold:   290        SH:  5    Dex: 14    Spells: 10/10 levels left

rFire   . . .      SeeInvis .   Y - +3 war axe (chaos)
rCold   . . .      Faith    .   (no shield)
rNeg    . . .      Spirit   .   c - +2 chain mail {Will+}
rPois   .          Reflect  +   (helmet restricted)
rElec   .          Harm     .   (no cloak)
rCorr   .          Rampage  .   (no gloves)
Will    +....                   (boots unavailable)
Stlth   ..........              g - amulet of reflection
HPRegen 0.13/turn               (no ring)
MPRegen 0.12/turn               (no ring)

@: flying quickly and evasively, quick
A: beak, talons 3, nimble flight
a: no special abilities


You were on level 5 of the Dungeon.
You visited 1 branch of the dungeon, and saw 5 of its levels.

You collected 290 gold pieces.


Innate Abilities, Weirdness & Mutations

You have a beak for a mouth.
You have claws for feet.
Your magical nature lets you fly swiftly and evasively.


   Skills:
 - Level 3.0 Fighting
 + Level 8.6 Axes
 - Level 1.0 Throwing
 - Level 2.3 Armour
 - Level 2.1 Dodging
 - Level 2.0 Spellcasting
 - Level 2.4 Translocations


You had 10 spell levels left.
You didn't know any spells.
Your spell library contained the following spells:

 Spells                   Type           Power      Damage    Failure   Level
 Blink                    Tloc           14%        N/A       99%         2
 Gell's Gravitas          Tloc           7%         N/A       100%        3
 Lesser Beckoning         Tloc           7%         N/A       100%        3
 Teleport Other           Tloc           7%         N/A       100%        3
 Manifold Assault         Tloc           7%         N/A       100%        5

Inventory:

Hand Weapons
 a - the +0 mace "Pewohiho" {drain, rElec rC- Str+4 Int+4}
   (You found it on level 3 of the Dungeon)

   A truly terrible weapon, it drains the life of any living foe it strikes.
   Str:       It affects your strength (+4).
   Int:       It affects your intelligence (+4).
   rC:        It makes you vulnerable to cold.
   rElec:     It insulates you from electricity.
 Y - a +3 war axe of chaos (weapon)
Missiles
 b - a boomerang (quivered)
Armour
 c - a +2 chain mail of willpower (worn)
Jewellery
 f - a ring of see invisible
 g - an amulet of reflection (around neck)
Scrolls
 j - a scroll of identify
Potions
 d - a potion of brilliance {unknown}
 e - a potion of resistance
 h - a potion of mutation
 i - a potion of magic {unknown}
 k - 2 potions of curing
 l - 2 potions of heal wounds {unknown}
 m - a potion of degeneration {unknown}

Dungeon Overview and Level Annotations

Branches:
Dungeon (5/15)
 Temple: D:4-7

Altars:
Cheibriados
Makhleb
Nemelex Xobeh
Uskayaw
Xom

Annotations:
D:1 1 runed translucent door


Message History

You hit the black bear. You claw the black bear. You peck the black bear.
You kill the black bear!
The acid dragon spits acid at you. The splash of acid hits you!!
Ouch! That really hurt!
The acid dragon bites you.
The acid dragon claws you but does no damage.
You barely miss the acid dragon. You claw the acid dragon.
The acid dragon is lightly wounded.
You block the acid dragon's attack. The acid dragon barely misses you.
You barely miss the acid dragon. You claw the acid dragon.
The acid dragon is moderately wounded.
You hit the ice beast.
You melt the ice beast.
The ice beast hits you but does no damage.
The acid dragon spits acid at you. The splash of acid misses you.
You hit the acid dragon.
You feel better.
Your kick misses the acid dragon.
The acid dragon is heavily wounded.
You slash the ice beast! The ice beast completely misses you.
The acid dragon bites you! The acid dragon closely misses you.
You barely miss the ice beast. Your kick misses the ice beast.
The ice beast is heavily wounded.
You hit the acid dragon. You block the ice beast's attack.
The acid dragon bites you but does no damage.
You block the acid dragon's attack.
You hit the ice beast.
You feel better.
You claw the ice beast.
The ice beast is almost dead.
You hit the acid dragon. You freeze the acid dragon.
The ice beast hits you but does no damage.
The acid dragon bites you!
The acid dragon claws you but does no damage.
You barely miss the ice beast. Your kick misses the ice beast.
You peck the ice beast, but do no damage.
The ice beast is almost dead.
You slash the acid dragon!
The ice beast hits you but does no damage.
The acid dragon bites you!
You die...

[..#####.........#.....
#..... #.............88
#..#.##.........#.#.88
#..#..#.........#.....
###...#....########.....
........................
.........$..########....
.............# #....
.....?Y@.....# #....
......D......# #....
.............# #####
.............#
............##
.....#.....##
############


You could see an acid dragon and an ice beast.

Vanquished Creatures
  A wyvern (D:4)
  An ice beast (D:5)
  A black bear (D:5)
  An ogre (D:5)
  A phantom (D:5)
  A hound (D:5)
  An iguana (D:5)
  2 orc wizards (D:3)
  4 adders
  An ufetubus (D:4)
  A worm (D:3)
  4 orcs
  2 bats
  3 endoplasms
  6 giant cockroaches
  8 goblins
  7 hobgoblins
  11 jackals
  8 kobolds
  4 quokkas
  10 ball pythons
  3 frilled lizards (D:2)
  3 rats
84 creatures vanquished.

Notes
Turn   | Place    | Note
-------+----------+-------------------------------------------
     0 | D:1      | qw the Tengu Warper began the quest for the Orb.
     0 | D:1      | Reached XP level 1. HP: 12/12 MP: 4/4
     0 | D:1      | 0 ||| qw: Version: 0.1-a-89-g26bdef1
     0 | D:1      | 0 ||| qw: Game counter: 481
     0 | D:1      | 0 ||| qw: Always use a shield: true
     0 | D:1      | 0 ||| qw: God list: Okawaru
     0 | D:1      | 0 ||| qw: Allow faded altars: false
     0 | D:1      | 0 ||| qw: Do Orc after D:15 true
     0 | D:1      | 0 ||| qw: Do second Lair branch before Depths: true
     0 | D:1      | 0 ||| qw: Lair rune preference: random
     0 | D:1      | 0 ||| qw: Plans: Normal
     0 | D:1      | 0 ||| PLANNING D:1-11
     1 | D:1      | Found a runed translucent door.
     2 | D:1      | Noticed a jelly
   437 | D:1      | Reached skill level 3 in Axes
   437 | D:1      | Reached XP level 2. HP: 17/17 MP: 6/6
   840 | D:1      | 840 ||| UPGRADING to +0 chain mail.
   850 | D:1      | 850 ||| DROPPING +0 leather armour.
   851 | D:1      | 851 ||| UPGRADING to amulet of guardian spirit.
   856 | D:1      | 856 ||| READING scroll labelled QYDUTZ PITUIXE.
   857 | D:1      | 857 ||| READING scroll labelled DEMOILLIGA.
   858 | D:1      | 858 ||| DROPPING scroll of blinking.
   924 | D:2      | 924 ||| SWAPPING to +1 war axe of venom.
   925 | D:2      | 925 ||| DROPPING +0 vampiric hand axe.
   940 | D:2      | Found a faded altar of an unknown god.
   974 | D:2      | Reached XP level 3. HP: 17/21 MP: 7/7
   992 | D:2      | 992 ||| FLEEEEING.
   993 | D:2      | 993 ||| FLEEEEING.
   994 | D:2      | 994 ||| FLEEEEING.
   995 | D:2      | 995 ||| FLEEEEING.
   996 | D:2      | 996 ||| FLEEEEING.
   999 | D:2      | 999 ||| STAIRDANCE
  1137 | D:2      | 1137 ||| DROPPING +0 club.
  1173 | D:2      | Reached skill level 4 in Axes
  1174 | D:2      | 1174 ||| Stepping ~*~*~tactically~*~*~ (stealth).
  1176 | D:2      | 1176 ||| Stepping ~*~*~tactically~*~*~ (stealth).
  1187 | D:2      | Found a sparkling altar of Nemelex Xobeh.
  1262 | D:2      | 1262 ||| Stepping ~*~*~tactically~*~*~ (stealth).
  1288 | D:2      | 1288 ||| Stepping ~*~*~tactically~*~*~ (stealth).
  1290 | D:2      | 1290 ||| Stepping ~*~*~tactically~*~*~ (stealth).
  1292 | D:2      | 1292 ||| STAIRDANCE
  1309 | D:1      | 1309 ||| UPGRADING to +2 chain mail of willpower.
  1319 | D:1      | 1319 ||| DROPPING +0 chain mail.
  1320 | D:1      | 1320 ||| READING scroll labelled LUUGOFF AROSCH.
  1617 | D:3      | 1617 ||| READING scroll of enchant weapon.
  1617 | D:3      | 1617 ||| ENCHANTING +2 war axe of venom.
  1626 | D:3      | 1626 ||| Stepping ~*~*~tactically~*~*~ (stealth).
  1633 | D:3      | Identified the +0 mace "Pewohiho" {drain, rElec rC- Str+4
                  | Int+4}
  1643 | D:3      | Reached XP level 4. HP: 26/26 MP: 8/8
  1644 | D:3      | 1644 ||| DROPPING +0 whip.
  1652 | D:3      | Reached skill level 5 in Axes
  1665 | D:3      | 1665 ||| Stepping ~*~*~tactically~*~*~ (stealth).
  1839 | D:3      | Gained mutation: Your magical nature lets you fly swiftly
                  | and evasively. [Tengu growth]
  1839 | D:3      | Reached XP level 5. HP: 29/30 MP: 7/9
  1897 | D:3      | 1897 ||| Stepping ~*~*~tactically~*~*~ (stealth).
  2021 | D:3      | 2021 ||| Stepping ~*~*~tactically~*~*~ (stealth).
  2029 | D:3      | 2029 ||| Stepping ~*~*~tactically~*~*~ (stealth).
  2030 | D:3      | 2030 ||| Stepping ~*~*~tactically~*~*~ (stealth).
  2223 | D:3      | 2223 ||| READING scroll labelled ONLU MIUCZAHO.
  2224 | D:3      | 2224 ||| READING scroll labelled VADEIQ GOTUANN.
  2229 | D:3      | 2229 ||| READING 2 scrolls of identify.
  2229 | D:3      | 2229 ||| IDENTIFYING grey potion
  2290 | D:4      | Noticed a wyvern
  2295 | D:4      | HP: 5/30 [wyvern (8)]
  2296 | D:4      | Killed a wyvern
  2297 | D:4      | Reached skill level 7 in Axes
  2297 | D:4      | Reached XP level 6. HP: 7/35 MP: 1/10
  2576 | D:4      | 2576 ||| Stepping ~*~*~tactically~*~*~ (stealth).
  2582 | D:4      | 2582 ||| Stepping ~*~*~tactically~*~*~ (stealth).
  2656 | D:4      | 2656 ||| Stepping ~*~*~tactically~*~*~ (stealth).
  2870 | D:4      | Found a snail-covered altar of Cheibriados.
  2894 | D:4      | Found a burning altar of Makhleb.
  2904 | D:4      | Found a hide-covered altar of Uskayaw.
  3081 | D:4      | Found a shimmering altar of Xom.
  3086 | D:4      | 3086 ||| UPGRADING to amulet of reflection.
  3096 | D:4      | 3096 ||| DROPPING amulet of guardian spirit.
  3097 | D:4      | 3097 ||| READING scroll labelled LESACRUOCO.
  3098 | D:4      | 3098 ||| READING scroll labelled RUJEILE PERAXTIT.
  3099 | D:4      | 3099 ||| DRINKING 3 murky clear potions.
  3100 | D:4      | 3100 ||| READING 2 scrolls of identify.
  3100 | D:4      | 3100 ||| IDENTIFYING viscous inky potion
  3127 | D:5      | Entered Level 5 of the Dungeon
  3179 | D:5      | Reached skill level 3 in Fighting
  3222 | D:5      | 3222 ||| READING scroll of brand weapon.
  3222 | D:5      | 3222 ||| BRANDING +3 war axe of venom.
  3251 | D:5      | Reached XP level 7. HP: 33/41 MP: 11/11
  3379 | D:5      | Reached skill level 8 in Axes
  3431 | D:5      | HP: 8/41 [acid dragon (9)]
  3433 | D:5      | HP: 2/41 [acid dragon (10)]
  3434 | D:5      | Slain by an acid dragon

Levels and vault maps discovered:
D:1:      dpeg_arrival_caged_fury, layout_loops_cross, minmay_misc_feat_roman
D:2:      layout_rooms, hellmonk_ecumenical_altar_heavens_door, basic_altar,
          minmay_pentomino_v2
D:3:      layout_loops_ring, hex_medium, kennysheep_generic_room_6
D:4:      layout_loops_ring, nicolae_overflow_quartered_altars
D:5:      layout_rooms, gammafunk_temple_overflow_pools,
          hellmonk_bongcloud_opening, uniq_prince_ribbit1, uniq_eustachio

Skill      XL: |  1  2  3  4  5  6  7 |
---------------+----------------------+-----
Axes           | 3 4 5 7 8 |  8.6
Armour         | 2 |  2.3
Fighting       | 3 |  3.0
Throwing       | |  1.0
Dodging        | |  2.1
Spellcasting   | |  2.0
Translocations | |  2.4

Action                   |  1- 3 |  4- 6 |  7- 9 || total
-------------------------+-------+-------+-------++-------
Melee: Hand axe          |    27 |       |       ||    27
       Kick              |    17 |    13 |     9 ||    39
       Peck              |     8 |    15 |     5 ||    28
       War axe           |    45 |    69 |    19 ||   133
Throw: Boomerang         |    45 |    35 |    10 ||    90
  Use: Scroll            |     4 |     7 |       ||    11
       Potion            |       |     1 |       ||     1
Armor: Leather armour    |    10 |       |       ||    10
       Chain mail        |    26 |    37 |    13 ||    76
Dodge: Dodged            |    24 |    19 |    12 ||    55
Block: Other             |       |     1 |     4 ||     5

Table legend:
 A = Non-vault XP
 B = Vault XP
 C = Vault XP percentage of total XP
 D = Non-vault monster count
 E = Vault monster count
 F = Vault count percentage of total count
                 A         B        C        D         E       F
            +---------+---------+-------+---------+---------+-------
      Total |    1017 |       9 |   0.9 |      80 |       4 |   4.8
            +---------+---------+-------+---------+---------+-------
        D:1 |      20 |       0 |   0.0 |      11 |       0 |   0.0
        D:2 |      45 |       4 |   8.2 |      27 |       2 |   6.9
        D:3 |     133 |       5 |   3.6 |      22 |       2 |   8.3
        D:4 |     256 |       0 |   0.0 |      13 |       0 |   0.0
        D:5 |     563 |       0 |   0.0 |       7 |       0 |   0.0
            +---------+---------+-------+---------+---------+-------
